 Dungeon Crawl Stone Soup version 0.23.2-1-ga50397a6bc (webtiles) character file.

Game seed: 3338117580132379612

78407 LabCoat the Severer (level 15, 0/136 HPs)
             Began as a Hill Orc Fighter on May 17, 2019.
             Was the Champion of Trog.
             Killed from afar by Nikola (15 damage)
             ... with a chain lightning
             ... on level 3 of the Swamp on May 18, 2019.
             The game lasted 02:00:32 (19330 turns).

LabCoat the Severer (Hill Orc Fighter)             Turns: 19330, Time: 02:00:33

Health: 0/136      AC: 24    Str: 26    XL:     15   Next: 60%
Magic:  33/33      EV:  7    Int:  8    God:    Trog [******]
Gold:   1433       SH: 17    Dex: 17    Spells: 14/14 levels left

rFire    + . .     SeeInvis .   B - +4 demon whip of Mourning {venom, rF+ rC+}
rCold    + . .     Gourm    .   c - +3 shield
rNeg     . . .     Faith    .   O - +0 plate armour
rPois    +         Spirit   .   L - +0 helmet
rElec    .         Reflect  .   q - +0 cloak
rCorr    .         Harm     .   Q - +2 pair of gloves of Quiv {rPois MP+9}
MR       +....                  Z - +1 pair of boots of Focus {MP+9 Str+2}
Stlth    ..........             n - amulet of regeneration
HPRegen  0.72/turn              d - ring of stealth
MPRegen  0.23/turn              s - +5 ring of dexterity

@: no status effects
A: no striking features
a: Berserk, Trog's Hand, Brothers in Arms, Renounce Religion


You were on level 3 of the Swamp.
You worshipped Trog.
Trog was exalted by your worship.
You were not hungry.

You visited 3 branches of the dungeon, and saw 20 of its levels.
You also visited: Sewer, Ossuary and Volcano.

You collected 1549 gold pieces.
You spent 116 gold pieces at shops.

Inventory:

Hand Weapons
 b - a +3 hunting sling of velocity
 o - a +8 broad axe of flaming
 B - the +4 demon whip of Mourning (weapon) {venom, rF+ rC+}
   (You found it on level 5 of the Lair of Beasts)

   It poisons the flesh of those it strikes.
   It protects you from fire.
   It protects you from cold.
 P - a +3 morningstar of draining
 R - the +9 broad axe of Megalomania {holy, MR+ Dex+7}
   (Trog gifted it to you on level 2 of the Lair of Beasts)

   It has been blessed by the Shining One to cause great damage to the undead
   and demons.
   It affects your dexterity (+7).
   It affects your resistance to hostile enchantments.
Missiles
 p - 182 sling bullets
 K - 9 javelins (quivered)
 T - 5 steel tomahawks
Armour
 c - a +3 shield (worn)
 q - a +0 cloak (worn)
 D - a +0 large shield
 L - a +0 helmet (worn)
 O - a +0 plate armour (worn)
 Q - the +2 pair of gloves of Quiv (worn) {rPois MP+9}
   (You acquired it on level 2 of the Lair of Beasts)

   It protects you from poison.
   It affects your magic capacity (+9).
 Z - the +1 pair of boots of Focus (worn) {MP+9 Str+2}
   (You acquired it on level 2 of the Lair of Beasts)

   It affects your strength (+2).
   It affects your magic capacity (+9).
Jewellery
 d - a ring of stealth (left hand)
 i - an uncursed ring of positive energy
 n - an amulet of regeneration (around neck)
 s - a +5 ring of dexterity (right hand)
 w - an uncursed ring of magical power
 H - an uncursed amulet of rage
 S - an uncursed ring of protection from magic
 U - an uncursed amulet of the gourmand
Wands
 a - a wand of digging (10)
 l - a wand of flame (13)
 m - a wand of enslavement (12)
 z - a wand of clouds (4)
 C - a wand of paralysis (18)
 I - a wand of acid (9)
 N - a wand of iceblast (27)
 W - a wand of disintegration (15)
 X - a wand of polymorph (30)
Scrolls
 k - 2 scrolls of enchant armour
 r - 3 scrolls of magic mapping
 u - 2 scrolls of enchant weapon
 y - 2 scrolls of blinking
 E - 8 scrolls of teleportation
 F - 18 scrolls of remove curse
 M - a scroll of identify
 V - 2 scrolls of brand weapon
Potions
 e - 4 potions of berserk rage
 g - 4 potions of flight
 h - 4 potions of agility
 j - 3 potions of haste
 t - 4 potions of magic
 v - 3 potions of brilliance
 x - a potion of invisibility {unknown}
 A - a potion of resistance
 G - 5 potions of curing
 Y - 2 potions of ambrosia
Comestibles
 f - 19 rations


   Skills:
 + Level 13.3 Fighting
 - Level 19.1(20.6) Axes
 * Level 12.4(15.9) Maces & Flails
 + Level 3.1 Slings
 + Level 12.1 Armour
 + Level 12.4 Shields
 + Level 0.1 Evocations


You had 14 spell levels left.
You didn't know any spells.
Your spell library contained the following spells:

 Spells                   Type           Power        Failure   Level  Hunger
 Animate Skeleton         Necr           N/A          99%         1    ##.....
 Apportation              Tloc           #.....       99%         1    ##.....
 Confusing Touch          Hex            #.....       99%         1    ##.....
 Flame Tongue             Conj/Fire      #....        99%         1    ##.....
 Magic Dart               Conj           #...         99%         1    ##.....
 Summon Small Mammal      Summ           #...         99%         1    ##.....
 Blink                    Tloc           N/A          100%        2    ###....
 Call Imp                 Summ           #.......     100%        2    ###....
 Slow                     Hex            #.......     100%        2    ###....
 Throw Flame              Conj/Fire      #.....       100%        2    ###....
 Conjure Flame            Conj/Fire      #.......     100%        3    ####...
 Inner Flame              Hex/Fire       #.......     100%        3    ####...
 Mephitic Cloud           Conj/Pois/Air  #.......     100%        3    ####...
 Sticky Flame             Conj/Fire      #.......     100%        4    #####..
 Fireball                 Conj/Fire      #.........   100%        5    ######.
 Irradiate                Conj/Tmut      #.........   100%        5    ######.
 Hydra Form               Tmut           #.........   100%        6    #######
 Statue Form              Tmut/Erth      #........    100%        6    #######
 Dragon Form              Tmut           #.........   100%        7    #######


Dungeon Overview and Level Annotations

Branches:
Dungeon (11/15)            Temple (0/1) D:5            Lair (6/6) D:10
  Swamp (3/4) Lair:3       Spider (0/4) Lair:2        Slime (0/5) Lair:6
    Orc (0/2) D:11

Altars:
Ashenzari
Elyvilon
Fedhas
Hepliaklqana
Okawaru
Qazlal
Ru
Sif Muna
Trog
Uskayaw
Wu Jian
Xom
Zin
The Shining One
Jiyva

Shops:
D:8 (

Annotations:
D:9 1 runed translucent door, Ordine's ghost, novice DEWz
Lair:3 2 runed translucent doors, Kebuoc's ghost, journeyman TrMo
Lair:5 exclusion: oklob plant
Swamp:3 Nikola


Message History

Your hearing returns.
You kill the hornet!
Trog accepts your kill. You block the hornet's attack. x2
Nikola asks, "Are you insulated?"
You hit the hornet but do no damage.
The hornet is poisoned.
You feel yourself speed up. The hornet barely misses you.
You block the hornet's attack.
Nikola mumbles some strange words.
You hear a mighty clap of thunder!
The lightning arc hits you!!
* * * LOW HITPOINT WARNING * * *
The lightning arc hits the hornet!!
The hornet dies!
The lightning arc hits you!
* * * LOW HITPOINT WARNING * * *
The lightning arc hits the hornet!!
The hornet dies!
The lightning arc hits you!
You die...

♣♣..................
♣.≈≈≈§..########..≈≈
♣.≈≈≈≈..# ..≈.
♣♣≈.....# .≈.
♣..♣♣..# ≈≈ ♣≈≈ ♣..#
♣≈% ♣..# ♣♣ ♣†.#
♣(@# ♣≈!††......
♣≈..:.......
≈≈♣♣♣♣..≈≈.§♣ ♣.≈≈
@...... ♣.≈ ......≈
♣. ..≈≈..♣ ......♣


You could see Nikola.

Vanquished Creatures
  A thorn hunter (Swamp:2)
  Gastronok (Lair:1)
  4 shambling mangroves
  2 ghost crabs
  9 hydras
  A catoblepas (Lair:6)
  A death knight (D:9)
  10 alligators
  A tengu warrior (D:9)
  12 death yaks (Lair:6)
  A deep troll shaman (Lair:6)
  Nergalle (D:10)
  2 skeletal warriors (Volcano)
  An unseen horror (D:8)
  3 swamp dragons
  A manticore (D:7)
  3 gargoyles (Volcano)
  19 elephants
  12 spiny frogs
  3 black mambas
  3 rime drakes
  6 komodo dragons
  A troll (D:10)
  2 polar bears
  4 tyrant leeches
  Prince Ribbit (D:6)
  3 hornets
  3 jumping spiders (Lair:2)
  5 dream sheep (Lair:6)
  A harpy skeleton (Volcano)
  5 slime creatures (Swamp:2)
  8 hippogriffs
  5 bog bodies
  23 blink frogs
  An alligator skeleton (Volcano)
  A redback (Lair:2)
  3 spriggans
  22 yaks
  A shadow (Swamp:2)
  3 flying skulls (Volcano)
  A wraith (D:8)
  3 wyverns
  Eustachio (D:4)
  A basilisk (Lair:5)
  4 vampire mosquitoes
  10 swamp worms
  9 water moccasins
  7 porcupines
  2 orc warriors (D:7)
  4 swamp drakes
  3 sky beasts
  2 ice beasts
  2 phantoms
  4 black bears
  7 necrophages (Lair:3)
  11 ogres
  7 centaurs
  13 crocodiles
  26 wolves
  An elf zombie (D:5)
  A big kobold (D:9)
  Blork the orc (D:4)
  10 bullfrogs
  2 elf skeletons (D:5)
  A wyvern skeleton (D:9)
  A water moccasin skeleton (D:8)
  2 scorpions
  A spriggan skeleton (Volcano)
  A troll skeleton (Volcano)
  14 wights
  3 howler monkeys (D:10)
  2 electric eels
  5 crimson imps
  A quasit (D:7)
  5 jellies
  2 bullfrog skeletons (D:10)
  2 centaur skeletons
  2 orc priests
  5 hounds
  Crazy Yiuf (D:3)
  4 orc wizards
  2 human skeletons (D:5)
  3 iguanas
  18 worker ants
  A big kobold zombie (Ossuary)
  A naga skeleton (Volcano)
  A hound zombie (D:7)
  2 hound skeletons
  3 mummies (Ossuary)
  2 worker ant zombies
  10 gnolls
  9 adders
  3 river rats (D:4)
  5 shadow imps
  A white imp (D:5)
  7 oozes
  7 adder zombies
  An adder skeleton (D:4)
  4 worms
  A dart slug (D:2)
  7 leopard geckos
  17 orcs
  9 giant cockroaches
  10 goblins
  10 hobgoblins
  7 jackals
  13 kobolds
  3 quokkas
  4 ball pythons
  6 bats
  6 frilled lizards
  4 goblin zombies (Ossuary)
  A hobgoblin zombie (Ossuary)
  4 kobold zombies (Ossuary)
  2 orc zombies
  3 quokka zombies
  12 rats
  2 rat zombies (Ossuary)
  A butterfly (Lair:6)
  2 fungi
577 creatures vanquished.

Vanquished Creatures (others)
  2 hornets (Swamp:3)
  5 briar patches (Swamp:2)
  A bush (Lair:6)
  6 fungi
  12 plants
26 creatures vanquished.

Grand Total: 603 creatures vanquished

Notes
Turn   | Place    | Note
-------+----------+-------------------------------------------
     0 | D:1      | LabCoat the Hill Orc Fighter began the quest for the Orb.
     0 | D:1      | Reached XP level 1. HP: 19/19 MP: 1/1
   230 | D:1      | Reached XP level 2. HP: 25/27 MP: 2/2
   286 | D:1      | Reached skill level 3 in Axes
   907 | D:1      | Reached XP level 3. HP: 32/33 MP: 3/3
  1169 | D:2      | Found a hide-covered altar of Uskayaw.
  1198 | D:2      | Reached skill level 4 in Axes
  1641 | D:3      | Reached XP level 4. HP: 33/40 MP: 4/4
  1791 | D:3      | Found a bloodstained altar of Trog.
  1803 | D:3      | Became a worshipper of Trog the Wrathful
  1942 | D:3      | Found a glowing golden altar of the Shining One.
  1942 | D:3      | Found an ornate altar of the Wu Jian Council.
  2155 | D:3      | Found a white marble altar of Elyvilon.
  2394 | D:3      | Found a runed translucent door.
  2395 | D:3      | Noticed Crazy Yiuf
  2406 | D:3      | Killed Crazy Yiuf
  2406 | D:3      | Reached skill level 5 in Axes
  2406 | D:3      | Reached XP level 5. HP: 42/46 MP: 5/5
  2519 | D:4      | Noticed Eustachio
  2543 | D:4      | Killed Eustachio
  2543 | D:4      | Reached skill level 6 in Axes
  2543 | D:4      | Reached XP level 6. HP: 20/53 MP: 6/6
  2569 | D:4      | Noticed a phantom
  2595 | D:4      | Reached skill level 7 in Axes
  2613 | D:4      | Found a glowing drain.
  2650 | Sewer    | Entered a sewer
  2717 | Sewer    | Reached * piety under Trog
  2950 | Sewer    | Reached XP level 7. HP: 60/60 MP: 7/7
  3155 | D:4      | Reached skill level 8 in Axes
  3634 | D:4      | Noticed Blork the orc
  3649 | D:4      | Killed Blork the orc
  3859 | D:5      | Entered Level 5 of the Dungeon
  3980 | D:5      | Reached skill level 5 in Fighting
  3980 | D:5      | Reached skill level 9 in Axes
  3980 | D:5      | Reached skill level 1 in Slings
  4031 | D:5      | Reached XP level 8. HP: 66/68 MP: 8/8
  4184 | D:5      | Found a shimmering altar of Xom.
  4208 | D:5      | Found a staircase to the Ecumenical Temple.
  4436 | D:5      | Reached skill level 5 in Armour
  4531 | D:5      | Found a sand-covered staircase.
  4541 | D:5      | Reached ** piety under Trog
  4544 | Ossuary  | Entered an ossuary
  4555 | Ossuary  | Reached skill level 5 in Shields
  4602 | Ossuary  | Reached skill level 10 in Axes
  4948 | D:5      | Found a glowing silver altar of Zin.
  5252 | D:6      | Noticed Prince Ribbit
  5271 | D:6      | Killed Prince Ribbit
  5271 | D:6      | Reached skill level 11 in Axes
  5276 | D:6      | Reached XP level 9. HP: 64/75 MP: 9/9
  5292 | D:6      | Found a hazy altar of Hepliaklqana.
  5393 | D:6      | Found an iron altar of Okawaru.
  5610 | D:6      | Reached *** piety under Trog
  6220 | D:6      | Reached skill level 12 in Axes
  6419 | D:7      | Found a shattered altar of Ashenzari.
  6951 | D:7      | Reached **** piety under Trog
  7001 | D:7      | Received a gift from Trog
  7156 | D:7      | Reached skill level 13 in Axes
  7164 | D:7      | Reached XP level 10. HP: 86/86 MP: 10/10
  7204 | D:7      | Noticed a manticore
  7218 | D:7      | Killed a manticore
  7218 | D:7      | Received a gift from Trog
  7334 | D:7      | Found the +7 sceptre of Torment {pain, torment}
  7580 | D:8      | Found Tablojy's Weapon Shoppe.
  7588 | D:8      | Bought a +0 war axe of flaming for 116 gold pieces
  7623 | D:8      | Killed an unseen horror
  7623 | D:8      | Reached skill level 14 in Axes
  8092 | D:8      | Found a sacrificial altar of Ru.
  8503 | D:9      | Found a stormy altar of Qazlal.
  8681 | D:9      | Noticed a death knight
  8706 | D:9      | Killed a death knight
  8706 | D:9      | Reached skill level 15 in Axes
  8706 | D:9      | Reached XP level 11. HP: 24/94 MP: 11/11
  8841 | D:9      | Received a gift from Trog
  8871 | D:9      | Noticed a tengu warrior
  8886 | D:9      | Killed a tengu warrior
  9282 | D:9      | Found a deep blue altar of Sif Muna.
  9397 | D:9      | Found a blossoming altar of Fedhas.
  9641 | D:9      | Found a runed translucent door.
  9641 | D:9      | Found a shimmering altar of Xom.
  9641 | D:9      | Noticed a +2 quarterstaff of chaos
  9641 | D:9      | Noticed Ordine's ghost (novice DEWz)
  9679 | D:10     | Entered Level 10 of the Dungeon
  9679 | D:10     | Noticed Nergalle
  9701 | D:10     | Killed Nergalle
  9838 | D:10     | Reached skill level 16 in Axes
  9847 | D:10     | Reached ***** piety under Trog
  9904 | D:10     | Found a staircase to the Lair.
 10288 | D:11     | Found a staircase to the Orcish Mines.
 10330 | Lair:1   | Entered Level 1 of the Lair of Beasts
 10645 | Lair:1   | Noticed a five-headed hydra
 10654 | Lair:1   | Killed a five-headed hydra
 10812 | Lair:1   | Noticed Gastronok
 10861 | Lair:1   | Killed Gastronok
 10861 | Lair:1   | Reached XP level 12. HP: 97/105 MP: 12/12
 11415 | Lair:2   | Reached skill level 17 in Axes
 11449 | Lair:2   | Received a gift from Trog
 11449 | Lair:2   | Reached skill level 10 in Fighting
 11450 | Lair:2   | Found a hole to the Spider Nest.
 11476 | Lair:2   | Got a translucent broad axe {god gift}
 11477 | Lair:2   | Identified the +9 broad axe of Megalomania {holy, MR+
                  | Dex+7} (Trog gifted it to you on level 2 of the Lair of
                  | Beasts)
 11480 | Lair:2   | Found a dark tunnel.
 11530 | Volcano  | Entered a volcano
 11722 | Volcano  | Reached skill level 10 in Armour
 12113 | Lair:2   | Identified 3 scrolls of acquirement
 12114 | Lair:2   | Got a pair of faintly humming boots
 12125 | Lair:2   | Identified the +1 pair of boots of Focus {MP+9 Str+2} (You
                  | acquired it on level 2 of the Lair of Beasts)
 12131 | Lair:2   | Got a pair of steaming gloves
 12137 | Lair:2   | Identified the +2 pair of gloves of Quiv {rPois MP+9} (You
                  | acquired it on level 2 of the Lair of Beasts)
 12536 | Lair:3   | Noticed an eight-headed hydra
 12549 | Lair:3   | Killed an eight-headed hydra
 12549 | Lair:3   | Reached skill level 1 in Maces & Flails
 12567 | Lair:3   | Found a staircase to the Swamp.
 12700 | Lair:3   | Reached XP level 13. HP: 109/114 MP: 13/13
 12846 | Lair:3   | Found a large runed translucent door.
 12846 | Lair:3   | Found a large runed translucent door.
 12870 | Lair:3   | Reached skill level 18 in Axes
 12870 | Lair:3   | Reached skill level 10 in Shields
 13065 | Lair:3   | Noticed Kebuoc's ghost (journeyman TrMo)
 14455 | Lair:5   | Reached skill level 19 in Axes
 14745 | Lair:5   | Got a shimmering demon whip
 14749 | Lair:5   | Identified the +4 demon whip of Mourning {venom, rF+ rC+}
                  | (You found it on level 5 of the Lair of Beasts)
 15238 | Lair:6   | Entered Level 6 of the Lair of Beasts
 15343 | Lair:6   | Reached skill level 5 in Maces & Flails
 15343 | Lair:6   | Reached XP level 14. HP: 42/126 MP: 14/14
 15612 | Lair:6   | Reached ****** piety under Trog
 15716 | Lair:6   | Received a gift from Trog
 16125 | Lair:6   | Found a viscous altar of Jiyva.
 16125 | Lair:6   | Found a staircase to the Slime Pits.
 16857 | Lair:6   | Reached skill level 10 in Maces & Flails
 16989 | Swamp:1  | Entered Level 1 of the Swamp
 17269 | Swamp:1  | Reached XP level 15. HP: 66/134 MP: 15/15
 17663 | Swamp:1  | Received a gift from Trog
 18162 | Swamp:2  | Noticed a thorn hunter
 18183 | Swamp:2  | Killed a thorn hunter
 19294 | Swamp:3  | Noticed Nikola
 19330 | Swamp:3  | Killed from afar by Nikola

Skill      XL: |  1  2  3  4  5  6  7  8  9 10 11 12 13 14 15 |
---------------+----------------------------------------------+-----
Axes           | 3 4 5 6 7 9 11 13 15 16 17 19 | 19.1
Fighting       | 4 5 7 8 9 10 12 13 | 13.3
Armour         | 4 5 6 7 8 10 11 12 | 12.1
Shields        | 4 5 6 7 8 9 10 11 12 | 12.4
Slings         | 1 2 3 |  3.1
Maces & Flails | 2 5 10 12 | 12.4
Evocations     | |  0.1

Action                   |  1- 3 |  4- 6 |  7- 9 | 10-12 | 13-15 || total
-------------------------+-------+-------+-------+-------+-------++-------
Melee: War axe           |   130 |   216 |   497 |   462 |       ||  1305
       Mace              |       |       |       |    33 |     6 ||    39
       Broad axe         |       |       |       |    77 |   236 ||   313
       Demon whip        |       |       |       |       |   888 ||   888
 Fire: Hunting sling     |     2 |     8 |    47 |    11 |       ||    68
Throw: Javelin           |       |       |     3 |    12 |    17 ||    32
       Tomahawk          |       |       |       |     6 |     5 ||    11
Invok: Berserk           |       |       |     7 |    12 |     8 ||    27
Evoke: Wand              |       |       |     2 |       |       ||     2
  Use: Scroll            |     6 |     2 |     7 |    12 |    18 ||    45
       Potion            |       |     4 |       |     5 |     4 ||    13
 Stab: Petrified         |       |       |       |       |     4 ||     4
       Fleeing           |       |       |       |       |     1 ||     1
       Confused          |       |       |       |       |     1 ||     1
  Eat: Chunk             |     3 |     2 |    13 |     8 |     8 ||    34
       Ration            |       |     1 |     2 |     6 |     7 ||    16
Armor: Scale mail        |    37 |       |       |       |       ||    37
       Chain mail        |    13 |   105 |   139 |       |       ||   257
       Plate armour      |       |       |    46 |   268 |   481 ||   795
Dodge: Dodged            |    33 |    48 |    61 |    89 |   178 ||   409
Block: Shield            |    83 |   118 |   221 |   289 |   611 ||  1322
